 Dungeon Crawl Stone Soup version 0.30-a0-1122-g620db56ad9 (webtiles) character file.

Game seed: 12367115022991295137

3016565 CryoSword the Invulnerable (level 27, 168/264 HPs)
             Began as a Minotaur Fighter on Apr 21, 2023.
             Was the Champion of Lugonu.
             Escaped with the Orb
             ... and 5 runes on Apr 22, 2023!
             The game lasted 03:31:34 (76660 turns).

CryoSword the Invulnerable (Minotaur Fighter)      Turns: 76660, Time: 03:31:34

Health: 168/264    AC: 56    Str: 31    XL:     27
Magic:  36/36      EV: 20    Int:  9    God:    Lugonu [******]
Gold:   6990       SH: 34    Dex: 22    Spells: 26/26 levels left

rFire   + + +        a - +8 broad axe "Earthworm" {speed, rF+ rCorr Dex+6 Stlth-}
rCold   + . .        R - +6 tower shield {reflect}
rNeg    . . .        d - +8 crystal plate armour
rPois   +            g - +0 hat of the Unseen Realm {rCorr Str+3 Stlth+}
rElec   +            P - +4 dragonskin cloak
rCorr   +            l - +2 pair of gloves {hurl}
SInv    +            F - +1 pair of boots of Toruufi {rElec rPois Int+2 Stlth-}
Will    ++...        m - amulet of regeneration Stlth
                     H - ring of Qeeplesa {rF+ rC+ Str-5 Dex+4, =R}
HPRegen 1.44/turn    N - ring "Cemyer" {Str+4 SInv}
MPRegen 0.25/turn

%: reflection, clarity
@: studying Transmutations
A: horns 2, retaliatory headbutt, iridescent scales 2, large bone plates 1,
clarity, clumsy 1, fire resistance 1
0: Orb of Zot
}: 5/15 runes: decaying, slimy, silver, abyssal, gossamer
a: Renounce Religion, Depart the Abyss, Banish, Corrupt, Enter the Abyss


You escaped.
You worshipped Lugonu.
Lugonu was exalted by your worship.
You visited 12 branches of the dungeon, and saw 56 of its levels.
You visited the Abyss 3 times.
You visited 1 bazaar.
You visited 1 ziggurat, and saw 5 of its levels.
You also visited: Trove, Ice Cave and Wizlab.

You collected 10540 gold pieces.
You spent 3550 gold pieces at shops.

Inventory:

Hand Weapons
 a - the +8 broad axe "Earthworm" (weapon) {speed, rF+ rCorr Dex+6 Stlth-}
   (You took it off an orc warlord on level 1 of the Depths)

   Dex:       It affects your dexterity (+6).
   rF:        It protects you from fire.
   rCorr:     It protects you from acid and corrosion.
   Stlth:     It makes you less stealthy.
 s - the +5 demon whip "Spellbinder" {antimagic, disrupt, Will+}
   (You took it off a deep elf annihilator on level 3 of the Elven Halls)

   Will:      It increases your willpower.
 w - a +9 broad axe of distortion
   (You found it on level 2 of the Swamp)
 V - the +10 dark maul {heavy}
   (You found it on level 3 of the Crypt)
Missiles
 e - 12 throwing nets
 K - 16 curare-tipped darts
Armour
 d - a +8 crystal plate armour (worn)
   (You bought it in a shop on level 1 of the Orcish Mines)
 g - the +0 hat of the Unseen Realm (worn) {rCorr Str+3 Stlth+}
   (You acquired it on level 4 of the Depths)

   Str:       It affects your strength (+3).
   rCorr:     It protects you from acid and corrosion.
   Stlth:     It makes you more stealthy.
 l - a +2 pair of gloves of hurling (worn)
   (You found it in an ice cave)
 F - the +1 pair of boots of Toruufi (worn) {rElec rPois Int+2 Stlth-}
   (You found it on level 2 of the Swamp)

   Int:       It affects your intelligence (+2).
   rElec:     It insulates you from electricity.
   rPois:     It protects you from poison.
   Stlth:     It makes you less stealthy.
 P - the +4 dragonskin cloak (worn)
   (You took it off Tiamat on level 3 of the Realm of Zot)

   Avatar's Aegis: It grants the wearer a chance to resist fire, cold, poison,
   electricity, acid, and negative energy.
 R - a +6 tower shield of reflection (worn)
   (You took it off an orc warlord on level 1 of the Depths)
Jewellery
 b - the ring "Qapateux" {rElec rPois Dex+6}
   (You took it off a green draconian on level 2 of the Realm of Zot)

   [ring of dexterity]

   Dex:       It affects your dexterity (+6).
   rElec:     It insulates you from electricity.
   rPois:     It protects you from poison.
 m - an amulet of regeneration (around neck)
   (You found it on level 5 of the Dungeon)
 u - the amulet of Yhedd {Acrobat rPois rC+ Int-4 SInv}
   (You found it in a treasure trove)

   [amulet of the acrobat]

   It increases your evasion while moving and waiting.
   Int:       It affects your intelligence (-4).
   rC:        It protects you from cold.
   rPois:     It protects you from poison.
   SInv:      It lets you see invisible.
 v - a ring of protection from fire
   (You found it on level 3 of the Vaults)
 y - a ring of willpower
   (You took it off a deep elf zephyrmancer on level 3 of the Elven Halls)
 A - a ring of protection from cold
   (You found it on level 1 of the Spider Nest)
 H - the ring of Qeeplesa (left hand) {rF+ rC+ Str-5 Dex+4, =R}
   (You found it on level 2 of the Spider Nest)

   [ring of protection from fire]

   Str:       It affects your strength (-5).
   Dex:       It affects your dexterity (+4).
   rF:        It protects you from fire.
   rC:        It protects you from cold.
 M - a +5 ring of evasion {=R}
   (You found it on level 4 of the Vaults)
 N - the ring "Cemyer" (right hand) {Str+4 SInv}
   (You took it off a vault guard on level 5 of the Vaults)

   [ring of see invisible]

   Str:       It affects your strength (+4).
   SInv:      It lets you see invisible.
 O - a ring of positive energy
   (You found it on level 3 of the Depths)
Wands
 t - a wand of iceblast (56) (quivered)
   (You found it on level 3 of the Dungeon)
 z - a wand of digging (9)
   (You found it on level 5 of the Pits of Slime)
 B - a wand of light (35)
   (You found it on level 6 of the Dungeon)
Scrolls
 h - 2 scrolls of fear
 j - 9 scrolls of poison {!r}
 p - 2 scrolls of magic mapping
 x - 14 scrolls of immolation {!r}
 C - a scroll of butterflies
 E - 5 scrolls of silence
 J - 17 scrolls of teleportation {@r4}
 L - a scroll of blinking
 T - 14 scrolls of fog
Potions
 c - a potion of might
 i - 8 potions of mutation {!q}
 n - 17 potions of attraction {!q}
 q - 8 potions of flight
 D - 11 potions of curing {@q1}
 G - a potion of berserk rage
 I - 3 potions of resistance
 Q - 6 potions of lignification {!q}
 U - a potion of heal wounds {@q2}
Miscellaneous
 o - a phantom mirror
   (You found it on level 1 of the Swamp)
 W - a phial of floods
   (You found it on level 5 of the Lair of Beasts)
 X - a box of beasts
   (You found it on level 5 of the Lair of Beasts)


   Skills:
 * Level 24.4 Fighting
 + Level 23.5(27) Axes
 + Level 23.8(27) Maces & Flails
 O Level 27 Armour
 - Level 21.1 Dodging
 - Level 21.6 Shields
 - Level 21.0 Invocations
 - Level 5.6 Evocations


You had 26 spell levels left.
You didn't know any spells.
Your spell library contained the following spells:

 Spells                   Type           Power      Damage    Failure   Level
 Apportation              Tloc           0%         N/A       98%         1
 Freeze                   Ice            0%         1d3       98%         1
 Kiss of Death            Conj/Necr      0%         2d5       98%         1
 Magic Dart               Conj           0%         1d3       98%         1
 Necrotise                Necr           0%         1d4       98%         1
 Shock                    Conj/Air       0%         1d3       98%         1
 Sting                    Tmut/Pois      0%         1d3       98%         1
 Summon Small Mammal      Summ           0%         N/A       98%         1
 Blink                    Tloc           0%         N/A       99%         2
 Cigotuvi's Dreadful Rot  Necr/Pois/Air  0%         N/A       99%         2
 Lesser Beckoning         Tloc           0%         N/A       99%         2
 Momentum Strike          Conj/Tloc      0%         3d8       99%         2
 Poisonous Vapours        Pois/Air       0%         N/A       99%         2
 Scorch                   Fire           0%         2d5       99%         2
 Searing Ray              Conj           0%         2d4       99%         2
 Confusing Touch          Hex            0%         N/A       100%        3
 Dazzling Flash           Conj/Hex       0%         N/A       100%        3
 Frozen Ramparts          Ice            0%         1d1       100%        3
 Gell's Gravitas          Tloc           0%         N/A       100%        3
 Hailstorm                Conj/Ice       0%         3d3       100%        3
 Ignite Poison            Fire/Tmut/Pois 0%         N/A       100%        3
 Mephitic Cloud           Conj/Pois/Air  0%         N/A       100%        3
 Ozocubu's Armour         Ice            0%         N/A       100%        3
 Portal Projectile        Hex/Tloc       0%         N/A       100%        3
 Stone Arrow              Conj/Erth      0%         3d7       100%        3
 Swiftness                Air            0%         N/A       100%        3
 Teleport Other           Tloc           0%         N/A       100%        3
 Tukima's Dance           Hex            0%         N/A       100%        3
 Vhi's Electric Charge    Tloc/Air       0%         N/A       100%        3
 Airstrike                Air            0%         2d(0-16)  100%        4
 Anguish                  Hex/Necr       0%         N/A       100%        4
 Animate Armour           Summ/Erth      0%         N/A       100%        4
 Animate Dead             Necr           0%         N/A       100%        4
 Cause Fear               Hex            0%         N/A       100%        4
 Dispel Undead            Necr           0%         3d6       100%        4
 Flame Wave               Conj/Fire      0%         2d4       100%        4
 Fulminant Prism          Conj/Hex       0%         3d5       100%        4
 Ice Form                 Ice/Tmut       0%         N/A       100%        4
 Leda's Liquefaction      Hex/Erth       0%         N/A       100%        4
 Manifold Assault         Tloc           0%         N/A       100%        4
 Olgreb's Toxic Radiance  Pois           0%         N/A       100%        4
 Passage of Golubria      Tloc           0%         N/A       100%        4
 Petrify                  Tmut/Erth      0%         N/A       100%        4
 Sticky Flame             Conj/Fire      0%         2d3       100%        4
 Summon Ice Beast         Ice/Summ       0%         N/A       100%        4
 Agony                    Necr           0%         N/A       100%        5
 Alistair's Intoxication  Tmut/Pois      0%         N/A       100%        5
 Arcjolt                  Conj/Air       0%         1d10      100%        5
 Blade Hands              Tmut           0%         N/A       100%        5
 Borgnjor's Vile Clutch   Necr/Erth      0%         N/A       100%        5
 Fireball                 Conj/Fire      0%         3d3       100%        5
 Freezing Cloud           Conj/Ice/Air   0%         6-21      100%        5
 Iskenderun's Battlesphe  Conj           0%         2d6       100%        5
 Lee's Rapid Deconstruct  Erth           0%         3d4*      100%        5
 Metabolic Englaciation   Hex/Ice        0%         N/A       100%        5
 Silence                  Hex/Air        0%         N/A       100%        5
 Summon Forest            Summ/Tloc      0%         N/A       100%        5
 Summon Mana Viper        Hex/Summ       0%         N/A       100%        5
 Yara's Violent Unravell  Hex/Tmut       0%         3d3       100%        5
 Conjure Ball Lightning   Conj/Air       0%         3x3d6     100%        6
 Dispersal                Tloc           0%         N/A       100%        6
 Eringya's Noxious Bog    Tmut/Pois      0%         N/A       100%        6
 Iron Shot                Conj/Erth      0%         9d1       100%        6
 Plasma Beam              Fire/Air       0%         2x1d11    100%        6
 Simulacrum               Ice/Necr       0%         N/A       100%        6
 Starburst                Conj/Fire      0%         6d3       100%        6
 Statue Form              Tmut/Erth      0%         N/A       100%        6
 Summon Cactus Giant      Summ           0%         N/A       100%        6
 Dragon Form              Tmut           0%         N/A       100%        7
 Enfeeble                 Hex            0%         N/A       100%        7
 Malign Gateway           Summ/Tloc      0%         N/A       100%        7
 Orb of Destruction       Conj           0%         9d5       100%        7
 Ozocubu's Refrigeration  Ice            0%         4d7       100%        7
 Storm Form               Tmut/Air       0%         N/A       100%        7
 Summon Hydra             Summ           0%         N/A       100%        7
 Borgnjor's Revivificati  Necr           0%         N/A       100%        8
 Discord                  Hex            0%         N/A       100%        8
 Disjunction              Tloc           0%         N/A       100%        8
 Ignition                 Fire           0%         3d3       100%        8
 Infestation              Necr           0%         N/A       100%        8
 Lehudib's Crystal Spear  Conj/Erth      0%         10d2      100%        8
 Necromutation            Tmut/Necr      0%         N/A       100%        8
 Chain Lightning          Conj/Air       0%         N/A       100%        9
 Death's Door             Necr           0%         N/A       100%        9
 Dragon's Call            Summ           0%         N/A       100%        9


Dungeon Overview and Level Annotations

Branches:
Dungeon (15/15)            Temple (1/1) D:7            Lair (5/5) D:8
  Swamp (4/4) Lair:3       Spider (4/4) Lair:3        Slime (5/5) Lair:5
    Orc (2/2) D:10            Elf (3/3) Orc:2        Vaults (5/5) D:13
  Crypt (3/3) Vaults:3       Tomb (0/3) Crypt:3      Depths (4/4) D:15
    Zot (5/5) Depths:4      IceCv (visited)          WizLab (visited)

Altars:
Ashenzari
Cheibriados
Dithmenos
Elyvilon
Fedhas
Gozag
Hepliaklqana
Kikubaaqudgha
Makhleb
Nemelex Xobeh
Okawaru
Qazlal
Ru
Sif Muna
Trog
Uskayaw
Vehumet
Wu Jian
Xom
Yredelemnul
Zin
The Shining One
Lugonu

Shops:
D:13 (   Orc:1 [   Orc:2 ([:*   Vaults:1 !:

Portals:
Hell: Depths:1 Depths:2 Depths:3 Depths:4
Abyss: Lair:5 Depths:2 Depths:3
Pandemonium: Depths:2 Depths:4

Annotations:
Elf:2 corrupted
Vaults:5 corrupted
Zot:3 1 transporter
Zot:5 1 exclusion


Innate Abilities, Weirdness & Mutations

You have a pair of horns on your head.
You reflexively headbutt those who attack you in melee.
You are mostly covered in iridescent scales. (AC +4)
You are partially covered in large bone plates. (SH +4)
You possess an exceptional clarity of mind.
You are clumsy. (Dex -2)
Your flesh is heat resistant. (rF+)


Message History

Unknown command.
You slash the balrug! You headbutt the balrug! The balrug gestures at you.
The bolt of fire misses you.
You hit the balrug. You headbutt the balrug! The balrug closely misses you.
You slice the balrug!!
You kill the balrug!
Lugonu accepts your kill.
You block the demonspawn warmonger's attack. x3
You see here a +2 demon whip of draining.
You slice the demonspawn warmonger!!
You block the demonspawn warmonger's attack. x2
The demonspawn warmonger gores you but does no damage.
You slash the demonspawn warmonger! You headbutt the demonspawn warmonger!
You slice the demonspawn warmonger!!
The demonspawn warmonger blocks your attack.
You block the demonspawn warmonger's attack. x3
You slash the demonspawn warmonger!
The demonspawn warmonger completely misses you.
You furiously retaliate!
You headbutt the demonspawn warmonger!!
You block the demonspawn warmonger's attack. x2
The demonspawn warmonger blocks your attack.
Your headbutt misses the demonspawn warmonger.
The demonspawn warmonger blocks your attack.
You headbutt the demonspawn warmonger, but do no damage.
You block the orange demon's attack.
You block the demonspawn warmonger's attack.
The demonspawn warmonger claws you but does no damage.
You block the demonspawn warmonger's attack.
You slice the demonspawn warmonger!!
You kill the demonspawn warmonger!
Lugonu accepts your kill. You block the orange demon's attack.
You block the demonspawn blood saint's attack.
Items here: ) [[ †.
You slice the demonspawn blood saint!!
You headbutt the demonspawn blood saint, but do no damage.
The demonspawn blood saint calls on the powers of chaos!
The orange demon suddenly seems more agile.
You completely miss the demonspawn blood saint.
You headbutt the demonspawn blood saint!
You block the demonspawn blood saint's attack.
You block the orange demon's attack.
You barely miss the demonspawn blood saint.
The demonspawn blood saint conjures a destructive force in the name of Makhleb!
The mass of ice explodes!
The iceblast engulfs you!! You partially resist.
The iceblast engulfs the demonspawn blood saint!!!
The mass of ice explodes!
The iceblast engulfs you! You partially resist.
The iceblast engulfs the demonspawn blood saint!!!
The demonspawn blood saint dies!
You block the orange demon's attack.
An Orb Guardian comes into view.
Things that are here:
a +0 dagger; a +0 robe; a demonspawn corpse You block the orange demon's attack. x2
You see here a +2 demon whip of draining.
You slice the orange demon!! You headbutt the orange demon.
You block the orange demon's attack. x2
You slash the orange demon! You headbutt the orange demon.
You carve the orange demon like a ham!!!
You kill the orange demon!
Lugonu accepts your kill. The Orb Guardian hits you!
You block the Orb Guardian's attack.
You closely miss the Orb Guardian. Your headbutt misses the Orb Guardian.
You completely miss the Orb Guardian. You headbutt the Orb Guardian!
The Orb Guardian misses you. You furiously retaliate!
You headbutt the Orb Guardian! You slash the Orb Guardian!
You block the Orb Guardian's attack.
You slash the Orb Guardian!
You headbutt the Orb Guardian, but do no damage.
You block the Orb Guardian's attack.
You closely miss the Orb Guardian. Your headbutt misses the Orb Guardian.
You hit the Orb Guardian but do no damage.
Your headbutt misses the Orb Guardian. The Orb Guardian completely misses you.
You slice the Orb Guardian!! You headbutt the Orb Guardian!
You block the Orb Guardian's attack.
You slice the Orb Guardian!!
You kill the Orb Guardian!
Lugonu accepts your kill.
(D) Dungeon (T) Temple (L) Lair (S) Swamp (N) Spider Nest (M) Slime Pits (O) Orcish Mines (E) Elven Halls (V) Vaults (C) Crypt (W) Tomb (U) Depths (H) Hell (Z) Zot
Where to? (Enter - D:1 @ (x,y), ? - help)
Your magic seems less tainted.
There is a stone staircase leading up here.
You climb upwards.
There is a stone staircase leading down here.
There is a stone staircase leading up here.
You climb upwards.
There is a stone staircase leading down here.
There is a stone staircase leading up here.
You climb upwards.
There is a stone staircase leading down here.
There is a stone staircase leading up here.
You climb upwards.
There is a stone staircase leading down here.
A Tzitzimitl comes into view.
You block the Tzitzimitl's attack.
The Tzitzimitl bites you but does no damage.
You see here a +0 club.
You carve the Tzitzimitl like a ham!!! Your headbutt misses the Tzitzimitl.
You barely miss the Tzitzimitl.
The Tzitzimitl calls on the powers of darkness!
Your body is wracked with pain!
You open the Tzitzimitl like a pillowcase!!!
Your headbutt misses the Tzitzimitl. You slice the Tzitzimitl!!
You kill the Tzitzimitl!
Lugonu accepts your kill.
A hellion comes into view.
You carve the hellion like a ham!!!
You kill the hellion!
Lugonu accepts your kill.
(D) Dungeon (T) Temple (L) Lair (S) Swamp (N) Spider Nest (M) Slime Pits (O) Orcish Mines (E) Elven Halls (V) Vaults (C) Crypt (W) Tomb (U) Depths (H) Hell (Z) Zot
Where to? (Enter - D:1 @ (x,y), ? - help)
Okay, then.
A blizzard demon comes into view.
The blizzard demon shouts!
There is an open door here.
The blizzard demon gestures at you. The freezing blast engulfs you. You resist.
You are engulfed in freezing vapours.
You resist. The blizzard demon gestures at you. The freezing blast misses you.
You are engulfed in freezing vapours.
You resist.
You hit the blizzard demon.
You are engulfed in freezing vapours.
You resist.
You closely miss the blizzard demon.
You are engulfed in freezing vapours.
You resist.
The blizzard demon is engulfed in freezing vapours.
The blizzard demon gestures at you. The bolt of cold hits you. You resist.
You slice the blizzard demon!!
You are engulfed in freezing vapours.
You resist.
You slash the blizzard demon!
You are engulfed in freezing vapours.
You resist.
The blizzard demon is engulfed in freezing vapours.
The blizzard demon hits you but does no damage.
The blizzard demon completely misses you.
You slash the blizzard demon! You barely miss the blizzard demon.
The blizzard demon is engulfed in freezing vapours.
You block the blizzard demon's attack. The blizzard demon hits you.
You completely miss the blizzard demon. You headbutt the blizzard demon.
You kill the blizzard demon!
Lugonu accepts your kill.
There is a staircase leading out of the dungeon here.
You have escaped!

##### ######.@.######
###.............###
###.................#####
#.'.................'...#
##.#.................###.##
#..###.............### #..#
###.## ###....[....### ##.#
#...# ###.....### #.# #.###
###.........### #.#


There were no monsters in sight!

Vanquished Creatures
  the Royal Jelly (Slime:5)
  5 dread liches
  Tiamat (Zot:3)
  4 orbs of fire
  3 ancient liches
  A pandemonium lord (Depths:2)
  2 juggernauts
  Boris (Crypt:1)
  Josephina (Crypt:1)
  6 Killer Klowns
  A curse toe (Zot:1)
  10 golden dragons
  A bone dragon (Abyss:3)
  5 electric golems
  A Tzitzimitl (D:1)
  2 Hell Sentinels (Depths:2)
  14 tentacled monstrosities
  4 liches
  A shard shrike skeleton (Crypt:3)
  A walking divine tome (Depths:4)
  Asterion (Spider:2)
  28 Orb Guardians
  5 titans
  9 quicksilver dragons
  2 Executioners
  14 acid blobs
  2 deep elf master archers (Elf:3)
  3 deep elf blademasters
  The ghost of sefie the Warrior, an adept GrBr of Okawaru (Vaults:1)
  8 ancient champions
  Frances (D:14)
  4 sphinxes
  8 death cobs
  11 shadow dragons
  4 draconian monks
  A tentacled starspawn (Abyss:4)
  6 storm dragons
  10 azure jellies
  2 revenants
  6 tengu reavers
  12 rockslimes
  Roxanne (Spider:2)
  2 iron dragons
  A nagaraja (Zig:5)
  10 fire giants
  A fenstrider witch (Swamp:1)
  5 draconian knights
  11 ghost moths
  7 deep elf sorcerers
  A demonspawn warmonger (D:5)
  9 vault wardens
  2 curse skulls (Crypt:1)
  An emperor scorpion (Spider:2)
  5 balrugs
  Louise (Spider:2)
  6 draconian scorchers
  10 frost giants
  27 very ugly things
  4 draconian stormcallers
  7 ghouls
  6 deep elf elementalists (Elf:3)
  14 ironbound preservers
  5 orc warlords
  7 draconian shifters
  An angel (Zot:4)
  2 spriggan defenders
  The ghost of kush the Devastator, a journeyman TeAE of Vehumet (D:13)
  6 reapers
  10 quicksilver oozes
  A caustic shrike skeleton (Crypt:3)
  5 war gargoyles
  A broodmother (Spider:2)
  9 draconian annihilators
  10 stone giants
  7 vampire knights
  8 deep elf demonologists
  A juggernaut skeleton (Crypt:3)
  12 green draconians
  9 deep elf annihilators
  Azrael (Spider:3)
  21 dire elephants
  12 black draconians
  13 yellow draconians
  A minotaur (D:10)
  15 purple draconians
  14 red draconians
  9 white draconians
  11 deep elf death magi
  4 eleionomae
  5 bunyips
  Snorg (Lair:4)
  2 blizzard demons
  4 spark wasps
  11 ettins
  4 eidola
  A green death (Abyss:4)
  12 fire dragons
  A merfolk javelineer (Swamp:4)
  2 entropy weavers
  6 great orbs of eyes
  6 deep elf high priests
  8 jiangshi (Crypt:2)
  10 yaktaur captains
  23 vault guards
  2 quicksilver dragon skeletons (Crypt:3)
  2 rakshasas (Depths:3)
  2 peacekeepers (Vaults:3)
  8 ice dragons
  13 hydras
  Harold (Lair:2)
  2 spriggan air magi
  2 ghost crabs (Swamp:4)
  A caustic shrike simulacrum (Crypt:1)
  3 jorogumos
  2 catoblepae
  5 death knights
  9 ironbound frosthearts
  A salamander tyrant (Depths:4)
  An anaconda (shapeshifter) (Vaults:5)
  3 ogre magi
  3 two-headed ogres
  An alligator snapping turtle (Zig:4)
  18 centaur warriors
  3 satyrs (Abyss:4)
  10 deep troll shamans
  5 spriggan skeletons
  4 spriggan berserkers
  4 boulder beetles
  9 alligators
  5 deep troll earth magi
  3 death yaks (Lair:5)
  4 naga warriors
  3 tengu warriors
  5 vampire magi
  29 dancing weapons
  2 orc high priests (Orc:2)
  A titan zombie (Crypt:3)
  A death scarab (Spider:2)
  8 thrashing horrors
  2 hell knights (WizLab)
  5 soul eaters
  19 deep elf knights
  5 sun demons
  3 iron trolls
  4 shadow wraiths
  61 skeletal warriors
  3 goliath frogs
  4 skysharks
  6 large abominations
  45 deep trolls
  5 pharaoh ants
  2 salamander mystics
  A sea snake (Zig:4)
  6 swamp dragons
  14 deep elf archers
  6 glowing orange brains
  5 orange crystal statues
  A sun moth (Spider:3)
  A deep troll (shapeshifter) (Vaults:5)
  3 spriggan druids
  9 flayed ghosts
  8 orb spiders
  19 ironbound convokers
  10 bog bodies
  4 spriggan simulacra
  An anaconda zombie (Crypt:3)
  13 wizards
  A bunyip skeleton (Abyss:3)
  9 steelbarb worms
  28 deep elf pyromancers
  3 spectral hydras (Swamp:4)
  2 obsidian statues
  14 phantasmal warriors
  2 anaconda skeletons (Crypt:3)
  Pikel (D:4)
  4 mana vipers
  2 oklob plants (Lair:5)
  32 ugly things
  2 orc sorcerers
  6 necromancers
  5 salamanders (Depths:4)
  28 deep elf zephyrmancers
  An eleionoma zombie (Crypt:2)
  7 will-o-the-wisps
  2 manticores (D:15)
  25 moths of wrath
  4 shining eyes
  A frost giant zombie (D:15)
  21 wolf spiders
  2 cyclopes
  3 fauns (Zig:4)
  2 iron dragon skeletons
  10 elephants (Lair:3)
  A merfolk siren (Zig:4)
  A dire elephant zombie (Crypt:1)
  2 fire giant skeletons (Depths:1)
  9 black mambas
  Maurice (D:10)
  9 demonic crawlers
  3 apocalypse crabs
  2 orange demons
  5 ice statues
  15 vault sentinels
  4 eyes of devastation (Slime:5)
  2 naga magi (Zig:5)
  A water nymph (Zig:4)
  An eye of devastation (shapeshifter) (Depths:2)
  6 smoke demons
  3 torpor snails
  4 hellions
  A gargoyle (D:12)
  15 cane toads
  3 naga skeletons (Crypt:3)
  A yellow draconian zombie (Crypt:3)
  16 freezing wraiths
  5 komodo dragons
  3 rime drakes
  Psyche (D:10)
  A dire elephant skeleton (Crypt:3)
  A tormentor (Zot:5)
  An anaconda simulacrum (IceCv)
  A rime drake (shapeshifter) (Vaults:5)
  2 ice devils (IceCv)
  3 tengu conjurers
  2 swamp worm zombies (Swamp:4)
  5 unseen horrors
  11 yaktaurs
  A red draconian skeleton (Crypt:1)
  12 trolls
  6 guardian mummies
  2 ancient zymes (Lair:5)
  8 hydra zombies
  3 merfolk
  A polar bear (Lair:2)
  Prince Ribbit (D:9)
  An iron troll skeleton (Crypt:3)
  7 meliai
  2 meliai (shapeshifter)
  2 bloated husks
  30 tarantellas
  A tarantella (shapeshifter) (Vaults:5)
  2 harpy skeletons (Crypt:3)
  6 tyrant leeches
  2 spectral swamp dragons (Swamp:4)
  A dream sheep (Lair:5)
  13 hornets
  3 spriggan zombies
  6 alligator zombies (Swamp:4)
  2 raiju (shapeshifter)
  An ettin zombie (Crypt:2)
  2 raiju (Abyss:4)
  103 slime creatures
  A jumping spider zombie (Crypt:2)
  30 blink frogs
  A centaur simulacrum (Crypt:1)
  2 ettin skeletons
  Sigmund (D:6)
  9 spriggans
  4 air elementals
  9 flying skulls (Crypt:3)
  12 small abominations
  15 jumping spiders
  A fire dragon skeleton (Crypt:3)
  10 wraiths
  9 water elementals
  59 yaks
  4 shadows
  3 vampires
  3 ynoxinuls
  8 basilisks
  20 culicivoras
  3 fire elementals
  10 golden eyes
  4 wyverns
  2 fire bats (Abyss:3)
  8 humans (D:13)
  71 redbacks
  3 steam dragons
  13 vampire mosquitoes
  Menkaure (D:5)
  2 neqoxecs
  A minotaur simulacrum (IceCv)
  A chaos spawn (D:14)
  9 wargs
  3 harpy simulacra
  13 swamp worms
  A fire bat zombie (Crypt:3)
  3 acid dragons
  5 nagas
  2 hydra simulacra
  13 water moccasins
  4 hell hounds (Spider:3)
  7 swamp drakes
  A black bear (D:6)
  39 orc warriors
  2 swamp dragon zombies (Swamp:4)
  An ettin simulacrum (Crypt:1)
  An alligator simulacrum (IceCv)
  5 ogres
  A snapping turtle skeleton (Crypt:2)
  13 starcursed masses
  25 wolves
  17 centaurs
  7 phantoms
  8 bullfrogs
  A kobold brigand (D:7)
  4 lemures
  The ghost of Ijustatesigmund the Conjurer, an amateur DECj (D:3)
  3 necrophages
  3 gnoll sergeants (D:9)
  5 deep troll simulacra (IceCv)
  7 earth elementals
  3 scorpions
  A water moccasin skeleton (Crypt:1)
  A queen bee zombie (Crypt:2)
  A shapeshifter zombie (Crypt:1)
  A lindwurm simulacrum (IceCv)
  A shapeshifter skeleton (Crypt:3)
  4 electric eels
  A warg skeleton (Crypt:3)
  6 howler monkeys
  12 hounds
  4 jellies
  16 orc priests
  2 centaur skeletons
  A sleepcap (D:4)
  A human skeleton (Crypt:3)
  An iguana (D:4)
  3 gnoll boudas
  Crazy Yiuf (D:4)
  Ijyb (D:5)
  A basilisk skeleton (Crypt:2)
  A boggart zombie (Crypt:2)
  19 orc wizards
  A scorpion zombie (Crypt:3)
  2 spectral swamp drakes (Swamp:4)
  4 hell rats (Lair:1)
  An ice beast zombie (Crypt:2)
  6 ogre zombies (D:10)
  A tengu skeleton (Crypt:1)
  32 gnolls
  5 adders
  A lava snake skeleton (Crypt:1)
  6 worms
  3 dart slugs
  86 orcs
  5 ball pythons
  5 endoplasms
  5 giant cockroaches
  8 goblins
  12 hobgoblins
  14 jackals
  3 training dummies (D:13)
  3 bats
  4 frilled lizards
  2 goblin zombies (D:10)
  2 hobgoblin skeletons (D:10)
  2 hobgoblin zombies (D:10)
  17 kobolds
  3 orc skeletons (D:10)
  10 orc zombies (D:10)
  6 rats
  A rat zombie (Crypt:3)
  A lurking horror (Abyss:4)
  2 spectral weapons (Spider:2)
2501 creatures vanquished.

Vanquished Creatures (collateral kills)
  Head Instructor (WizLab)
  Zenata (Elf:2)
  A thorn hunter (Swamp:2)
  Donald (Swamp:4)
  A dancing weapon (Elf:2)
  A deep elf knight (Elf:2)
  A tengu conjurer (WizLab)
  A merfolk (Zig:4)
8 creatures vanquished.

Vanquished Creatures (others)
  A Killer Klown (Zot:5)
  Saint Roka (Elf:2)
  A golden dragon (Vaults:5)
  A titan (Vaults:5)
  A sphinx (Vaults:5)
  A shadow dragon (Vaults:5)
  A storm dragon (Vaults:5)
  A draconian shifter (Zot:3)
  2 vault wardens (Vaults:5)
  An ironbound preserver (Vaults:5)
  2 draconian annihilators
  A war gargoyle (Vaults:5)
  A very ugly thing (Vaults:5)
  A demonspawn blood saint (D:5)
  A yellow draconian (Zot:3)
  A deep elf death mage (Vaults:5)
  An ettin (Vaults:5)
  9 vault guards (Vaults:5)
  An entropy weaver (shapeshifter) (Vaults:5)
  A dancing weapon (Elf:2)
  A thrashing horror (Abyss:4)
  3 ironbound convokers (Vaults:5)
  A wizard (Vaults:4)
  A deep elf zephyrmancer (Vaults:5)
  A wolf spider (shapeshifter) (Vaults:5)
  A guardian serpent (Zig:5)
  3 vault sentinels
  3 bloated husks (Swamp:4)
  A merfolk (Swamp:4)
  A human (D:13)
  3 orc warriors (Elf:2)
  A phantom (Swamp:4)
  3 orc priests
  2 orc wizards (Elf:2)
  A swamp drake zombie (Swamp:4)
  6 orcs
  21 foxfires
  28 fungi
  17 plants
  A spectral weapon (Spider:2)
  23 starspawn tentacles
152 creatures vanquished.

Grand Total: 2661 creatures vanquished

Notes
Turn   | Place    | Note
-------+----------+-------------------------------------------
     0 | D:1      | CryoSword the Minotaur Fighter began the quest for the Orb.
     0 | D:1      | Reached XP level 1. HP: 19/19 MP: 0/0
   303 | D:1      | Reached XP level 2. HP: 26/26 MP: 1/1
   559 | D:2      | Reached XP level 3. HP: 31/31 MP: 2/2
   686 | D:2      | Reached skill level 5 in Maces & Flails
   688 | D:2      | Reached XP level 4. HP: 29/39 MP: 3/3
  1955 | D:3      | Reached XP level 5. HP: 38/45 MP: 4/4
  2219 | D:3      | Found a runed translucent door.
  2220 | D:3      | Noticed Ijustatesigmund's ghost (amateur DECj)
  2607 | D:3      | Killed Ijustatesigmund's ghost
  2608 | D:3      | Reached XP level 6. HP: 20/51 MP: 5/5
  2845 | D:4      | Found a basalt altar of Yredelemnul.
  3202 | D:4      | Found a runed translucent door.
  3203 | D:4      | Noticed Crazy Yiuf
  3210 | D:4      | Killed Crazy Yiuf
  3240 | D:5      | Entered Level 5 of the Dungeon
  3240 | D:5      | Noticed Pikel
  3268 | D:5      | Noticed Menkaure
  3288 | D:5      | Noticed a water moccasin
  3798 | D:4      | Killed Pikel
  3799 | D:4      | Reached skill level 10 in Maces & Flails
  3799 | D:4      | Reached XP level 7. HP: 31/57 MP: 6/6
  3891 | D:5      | Killed Menkaure
  3916 | D:5      | Reached XP level 8. HP: 64/64 MP: 7/7
  4033 | D:5      | Found a shimmering blue altar of Sif Muna.
  4172 | D:5      | Found a bloodstained altar of Trog.
  4288 | D:5      | Noticed Ijyb
  4312 | D:5      | Killed Ijyb
  4447 | D:5      | Found a radiant altar of Vehumet.
  4495 | D:5      | Found a snail-covered altar of Cheibriados.
  4602 | D:6      | Found a sacrificial altar of Ru.
  4747 | D:6      | Reached skill level 4 in Armour
  4747 | D:6      | Reached skill level 1 in Dodging
  4875 | D:6      | Noticed Sigmund
  4881 | D:6      | Killed Sigmund
  5287 | D:7      | Found a staircase to the Ecumenical Temple.
  5296 | Temple   | Entered the Ecumenical Temple
  5322 | Temple   | Became a worshipper of Warmaster Okawaru
  5343 | D:7      | Found a hazy altar of Hepliaklqana.
  5355 | D:7      | Reached XP level 9. HP: 67/73 MP: 8/8
  5454 | D:7      | Reached skill level 5 in Fighting
  5454 | D:7      | Reached skill level 5 in Armour
  5454 | D:7      | Reached skill level 5 in Shields
  5788 | D:7      | Found a shadowy altar of Dithmenos.
  5797 | D:7      | Identified the +1 arbalest of the Viper {flame, Fragile
                  | rElec rN+ Int+2}
  5924 | D:8      | Found a staircase to the Lair.
  5937 | D:8      | Reached * piety under Okawaru
  6008 | D:8      | Noticed a two-headed ogre
  6022 | D:8      | Killed a two-headed ogre
  6022 | D:8      | Reached ** piety under Okawaru
  6077 | D:8      | Found a broken altar of Ashenzari.
  6154 | D:8      | Reached skill level 6 in Armour
  6463 | D:8      | Found an ornate altar of the Wu Jian Council.
  6477 | D:8      | Found a burning altar of Makhleb.
  6486 | D:8      | Reached skill level 5 in Dodging
  6564 | D:8      | Found a shimmering altar of Xom.
  6760 | D:9      | Found a blossoming altar of Fedhas.
  6803 | D:9      | Reached XP level 10. HP: 68/83 MP: 11/11
  6932 | D:9      | Reached *** piety under Okawaru
  6990 | D:9      | Found an ancient bone altar of Kikubaaqudgha.
  7216 | D:9      | Noticed Prince Ribbit
  7221 | D:9      | Killed Prince Ribbit
  7484 | D:9      | Reached **** piety under Okawaru
  7654 | D:9      | Identified the +6 scale mail "Gebad" {Fly rPois Will++
                  | Int-4}
  7711 | D:9      | Reached skill level 5 in Invocations
  7839 | D:10     | Entered Level 10 of the Dungeon
  7846 | D:10     | Reached skill level 7 in Armour
  8043 | D:10     | Found a staircase to the Orcish Mines.
  8661 | D:10     | Noticed Maurice
  8669 | D:10     | Killed Maurice
  8670 | D:10     | Reached XP level 11. HP: 90/92 MP: 14/14
  8852 | D:10     | Reached ***** piety under Okawaru
  9217 | D:10     | Noticed Psyche
  9231 | D:10     | Killed Psyche
  9472 | D:11     | Noticed a two-headed ogre
  9483 | D:11     | Killed a two-headed ogre
 10032 | D:12     | Noticed a deep elf pyromancer
 10042 | D:12     | Noticed a skeletal warrior
 10045 | D:12     | Killed a deep elf pyromancer
 10046 | D:12     | Noticed a skeletal warrior
 10047 | D:12     | Noticed a skeletal warrior
 10052 | D:12     | Noticed a skeletal warrior
 10094 | D:11     | Killed a skeletal warrior
 10351 | D:12     | Identified the +1 chain mail of Edim {Int+3}
 10351 | D:12     | Noticed a skeletal warrior
 10357 | D:12     | Killed a skeletal warrior
 10357 | D:12     | Identified the +0 chain mail of Jaidow {rN++} (Okawaru
                  | gifted it to you on level 12 of the Dungeon)
 10357 | D:12     | Received a gift from Okawaru
 10373 | D:12     | Killed a skeletal warrior
 10374 | D:12     | Reached skill level 8 in Armour
 10494 | D:12     | Killed a skeletal warrior
 10542 | D:12     | Killed a skeletal warrior
 10999 | D:13     | Noticed a centaur warrior
 11005 | D:13     | Killed a centaur warrior
 11006 | D:13     | Reached XP level 12. HP: 99/105 MP: 16/16
 11037 | D:13     | Noticed a five-headed hydra
 11043 | D:13     | Killed a five-headed hydra
 11282 | D:13     | Noticed a centaur warrior
 11288 | D:13     | Killed a centaur warrior
 11352 | D:13     | Found a transporter.
 11457 | D:13     | Noticed kush's ghost (journeyman TeAE)
 11458 | D:13     | Noticed a catoblepas
 11520 | D:13     | Found Viyxt's Firing Range.
 11582 | D:13     | Found a transporter.
 11646 | D:13     | Noticed a centaur warrior
 11663 | D:13     | Killed a centaur warrior
 11664 | D:13     | Reached skill level 10 in Fighting
 11701 | D:13     | Noticed a vault guard
 11701 | D:13     | Noticed a vault guard
 11702 | D:13     | Noticed a vault guard
 11738 | D:13     | Killed a vault guard
 11742 | D:13     | Killed a vault guard
 11753 | D:13     | Killed a vault guard
 11754 | D:13     | Reached skill level 9 in Armour
 11824 | D:13     | Found a gate to the Vaults.
 11928 | D:14     | Noticed a boulder beetle
 11944 | D:14     | Killed a boulder beetle
 12096 | D:14     | Noticed a two-headed ogre
 12100 | D:14     | Killed a two-headed ogre
 12100 | D:14     | Reached ****** piety under Okawaru
 12126 | D:14     | Received a gift from Okawaru
 12194 | D:14     | Noticed a boulder beetle
 12195 | D:14     | Noticed Frances
 12195 | D:14     | Noticed a centaur warrior
 12195 | D:14     | Noticed a centaur warrior
 12241 | D:14     | Killed a centaur warrior
 12329 | D:14     | Found a sparkling altar of Nemelex Xobeh.
 12510 | D:14     | Killed a centaur warrior
 12578 | D:14     | Killed a boulder beetle
 12579 | D:14     | Reached XP level 13. HP: 116/116 MP: 18/18
 13122 | D:14     | Killed Frances
 13122 | D:14     | Identified the +6 chain mail of Exclusion {rPois rF+ Str+2}
                  | (Okawaru gifted it to you on level 14 of the Dungeon)
 13122 | D:14     | Received a gift from Okawaru
 13374 | Lair:1   | Entered Level 1 of the Lair of Beasts
 13423 | Lair:1   | Reached skill level 10 in Dodging
 13440 | Lair:1   | Reached skill level 10 in Shields
 13567 | Lair:1   | Reached skill level 15 in Maces & Flails
 13867 | Lair:1   | You fall into a shaft and drop 1 floor!
 13989 | Lair:1   | Reached skill level 10 in Armour
 14227 | Lair:1   | Reached skill level 10 in Invocations
 14242 | Lair:1   | Identified the +4 shortbow of Frustration {heavy, rC+
                  | Will+}
 14559 | Lair:2   | Noticed Harold
 14570 | Lair:2   | Killed Harold
 14857 | Lair:2   | Identified the +5 morningstar of Parts Unknown {venom,
                  | Drain Int+4 Stlth+} (Okawaru gifted it to you on level 2 of
                  | the Lair of Beasts)
 14857 | Lair:2   | Received a gift from Okawaru
 15585 | Lair:3   | Received a gift from Okawaru
 15590 | Lair:3   | Reached XP level 14. HP: 107/127 MP: 20/20
 15801 | Lair:3   | Found a hole to the Spider Nest.
 16284 | Lair:3   | Found a staircase to the Swamp.
 16817 | Lair:4   | Noticed Snorg
 16827 | Lair:4   | Killed Snorg
 16876 | Lair:4   | Reached skill level 11 in Armour
 16999 | Lair:4   | Identified the +7 great mace of the Orange Skies {protect,
                  | rN+}
 17053 | Lair:4   | Identified the +0 ring mail of Impatience {Int+4}
 17375 | Lair:5   | Entered Level 5 of the Lair of Beasts
 17819 | Lair:5   | Identified the +0 ring mail of Wysuv {Slay+4} (Okawaru
                  | gifted it to you on level 5 of the Lair of Beasts)
 17819 | Lair:5   | Received a gift from Okawaru
 18437 | Lair:5   | Found a corrupted altar of Lugonu.
 18437 | Lair:5   | Found a one-way gate to the infinite horrors of the Abyss.
 18545 | Lair:5   | Fell from the grace of Okawaru
 18545 | Lair:5   | Became a worshipper of Lugonu the Unformed
 18772 | Lair:5   | Found a staircase to the Slime Pits.
 18787 | Lair:5   | Reached XP level 15. HP: 114/139 MP: 22/22
 19123 | D:14     | Found a sparkling altar of Nemelex Xobeh.
 19316 | D:15     | Entered Level 15 of the Dungeon
 19356 | D:15     | Found a staircase to the Depths.
 19648 | D:15     | Reached * piety under Lugonu
 20079 | D:15     | Reached skill level 15 in Fighting
 20321 | Orc:1    | Entered Level 1 of the Orcish Mines
 20430 | Orc:1    | Found Saun's Antique Armour Shoppe.
 20439 | Orc:1    | Reached skill level 12 in Armour
 20556 | Orc:2    | Entered Level 2 of the Orcish Mines
 20556 | Orc:2    | Found a staircase to the Elven Halls.
 20761 | Orc:2    | Reached ** piety under Lugonu
 20906 | Orc:2    | Found Joodyvo's Antique Armour Boutique.
 20908 | Orc:2    | Found Erona's Antique Weapon Shop.
 21101 | Orc:2    | Reached *** piety under Lugonu
 21205 | Orc:2    | Banished a deep elf blademaster
 21205 | Orc:2    | Banished a fire giant
 21356 | Orc:2    | Found Numetobo's Assorted Antiques.
 21361 | Orc:2    | Bought a lumpy inky potion for 32 gold pieces
 21408 | Orc:2    | Found Konaqimn's Book Shoppe.
 21650 | Elf:1    | Entered Level 1 of the Elven Halls
 21668 | Elf:1    | Banished a titan
 21831 | Elf:1    | Reached **** piety under Lugonu
 21840 | Elf:1    | Banished a frost giant
 21918 | Elf:1    | HP: 7/141 [fire elemental[a deep elf pyromancer] (4)]
 21923 | Elf:1    | Paralysed by an air elemental for 1 turns
 22404 | Orc:1    | Bought a crystal plate armour for 2240 gold pieces
 22638 | Swamp:1  | Entered Level 1 of the Swamp
 22862 | Swamp:1  | Noticed a fenstrider witch
 22876 | Swamp:1  | Killed a fenstrider witch
 23255 | Swamp:1  | Banished a frost giant
 23255 | Swamp:1  | Banished a titan
 23255 | Swamp:1  | Banished a deep elf master archer
 23269 | Swamp:1  | Reached ***** piety under Lugonu
 23524 | Swamp:2  | Noticed a thorn hunter
 23572 | Swamp:2  | Reached XP level 16. HP: 133/151 MP: 24/24
 23613 | Swamp:2  | Killed a thorn hunter
 24065 | Swamp:2  | Got the Vellum of Reanimation Made Easy
 24066 | Swamp:2  | Identified the +1 pair of boots of Toruufi {rElec rPois
                  | Int+2 Stlth-}
 24396 | Orc:2    | Bought a glowing cloak for 232 gold pieces
 24536 | D:13     | Reached skill level 13 in Armour
 24548 | D:13     | Killed kush's ghost
 25131 | Swamp:3  | Reached skill level 1 in Axes
 25158 | Swamp:3  | Banished a titan
 25441 | Swamp:3  | Reached skill level 5 in Axes
 25801 | Swamp:4  | Entered Level 4 of the Swamp
 26067 | Swamp:4  | Noticed Donald
 26183 | Swamp:4  | Killed Donald
 26288 | Swamp:4  | Reached skill level 15 in Shields
 26686 | Swamp:4  | Banished a titan
 26686 | Swamp:4  | Banished a titan
 26748 | Swamp:4  | Reached skill level 10 in Axes
 26873 | Swamp:4  | Noticed a titan
 26873 | Swamp:4  | Noticed a titan
 26895 | Swamp:4  | Killed a titan
 26896 | Swamp:4  | Noticed a bone dragon
 26898 | Swamp:4  | Killed a titan
 27306 | Orc:1    | Was forgiven by Okawaru
 27394 | Orc:2    | Bought a scroll of identify for 72 gold pieces
 27736 | Swamp:4  | Banished a bone dragon
 27748 | Swamp:4  | Got a decaying rune of Zot
 28184 | Elf:1    | Paralysed by an air elemental for 1 turns
 28280 | Elf:1    | Reached XP level 17. HP: 144/158 MP: 25/25
 28496 | Abyss:3  | Cast into level 3 of the Abyss (a deep elf demonologist)
 28521 | Abyss:3  | Found a corrupted altar of Lugonu.
 28521 | Abyss:3  | Noticed a deep elf blademaster
 28545 | Elf:1    | Escaped the Abyss
 28779 | Elf:1    | You fall into a shaft and drop 1 floor!
 28848 | Elf:2    | Noticed Zenata
 28863 | Elf:2    | Killed Zenata
 29448 | Elf:1    | Paralysed by an air elemental for 1 turns
 29628 | Elf:2    | Noticed Saint Roka
 29637 | Elf:2    | Corrupted Elf:2
 29640 | Elf:2    | Noticed a bone dragon
 29647 | Elf:2    | Killed Saint Roka
 29767 | Elf:2    | Found a runed translucent gate.
 29767 | Elf:2    | Found a runed translucent gate.
 29769 | Elf:2    | Found a runed translucent gate.
 30237 | Vaults:1 | Entered Level 1 of the Vaults
 30805 | Vaults:1 | Found Unerph's Book Boutique.
 30896 | Vaults:1 | Reached skill level 14 in Armour
 31424 | Vaults:1 | Found a large runed translucent door.
 31424 | Vaults:1 | Found a large runed translucent door.
 31424 | Vaults:1 | Noticed sefie's ghost (adept GrBr)
 31440 | Vaults:1 | Found Sion's Book Emporium.
 31440 | Vaults:1 | Noticed a walking crystal tome
 31441 | Vaults:1 | Noticed a walking frostbound tome
 31507 | Vaults:1 | Killed sefie's ghost
 31508 | Vaults:1 | Reached XP level 18. HP: 79/166 MP: 26/26
 31717 | Vaults:1 | Reached skill level 15 in Armour
 31717 | Vaults:1 | Reached ****** piety under Lugonu
 31944 | Vaults:1 | Found Igaoqe's Distillery.
 31945 | Vaults:1 | Identified a +9 broad axe of distortion (a +9 broad axe of
                  | freezing corrupted by Lugonu)
 31945 | Vaults:1 | Received a gift from Lugonu
 31953 | Vaults:1 | Bought a potion of attraction for 42 gold pieces
 31953 | Vaults:1 | Bought 2 potions of haste for 280 gold pieces
 32189 | Vaults:2 | Found a flickering gateway to a bazaar.
 32222 | Bazaar   | Entered a bazaar
 32224 | Bazaar   | Found Jaushoch's Distillery.
 32228 | Bazaar   | Found Loulas's Book Boutique.
 32228 | Bazaar   | Found Poplenga's General Store.
 32229 | Bazaar   | Found Wossore's Magic Scroll Boutique.
 32252 | Bazaar   | Bought 2 potions of heal wounds for 70 gold pieces
 32252 | Bazaar   | Bought a scroll of fear for 28 gold pieces
 32614 | Spider:1 | Entered Level 1 of the Spider Nest
 32668 | Spider:1 | Found a frozen archway.
 32695 | IceCv    | Entered an ice cave
 33021 | IceCv    | Reached skill level 16 in Armour
 34081 | Spider:2 | Identified the ring of Qeeplesa {rF+ rC+ Str-5 Dex+4}
 34212 | Spider:2 | Noticed Roxanne
 34274 | Spider:2 | Noticed Asterion
 34308 | Spider:2 | Killed Asterion
 34487 | Spider:2 | Noticed Louise
 34517 | Spider:2 | Killed Louise
 35417 | Spider:2 | Killed Roxanne
 35418 | Spider:2 | Reached skill level 17 in Armour
 35584 | Spider:3 | Reached XP level 19. HP: 171/174 MP: 28/28
 36010 | Spider:3 | Noticed Azrael
 36040 | Spider:3 | Killed Azrael
 36503 | Spider:4 | Entered Level 4 of the Spider Nest
 37379 | Spider:4 | Reached skill level 15 in Invocations
 37641 | Spider:4 | Got a gossamer rune of Zot
 38250 | Vaults:2 | Reached skill level 18 in Armour
 38351 | Vaults:2 | Identified the +5 robe "Ocyat" {Dex+2 Archmagi}
 38417 | Vaults:2 | You fall into a shaft and drop 2 floors!
 38873 | Vaults:3 | Found a staircase to the Crypt.
 38873 | Vaults:3 | Found a basalt altar of Yredelemnul.
 38874 | Vaults:3 | Found an ancient bone altar of Kikubaaqudgha.
 39210 | Vaults:3 | Reached XP level 20. HP: 169/184 MP: 30/30
 39758 | Vaults:3 | Identified the +0 ring mail of Igyluu {rN+ SInv}
 40389 | Vaults:4 | Reached skill level 19 in Armour
 40703 | Vaults:4 | Identified the +1 rapier of Assawido {speed, rElec rC+
                  | Will+ Stlth-}
 41319 | Depths:1 | Entered Level 1 of the Depths
 41399 | Depths:1 | Found a magical portal.
 41422 | WizLab   | Entered Yara's Duelist Academy
 41499 | WizLab   | Noticed Zypupp
 41520 | WizLab   | Killed Zypupp the Head Instructor
 42345 | Depths:1 | Found a gateway to Hell.
 42758 | Depths:1 | Identified the +8 broad axe "Earthworm" {speed, rF+ rCorr
                  | Dex+6 Stlth-}
 42824 | Depths:1 | Found a faded altar of an unknown god.
 42825 | Depths:1 | Found a hazy altar of Hepliaklqana.
 43004 | Depths:2 | Found a bloodstained altar of Trog.
 43079 | Depths:2 | Found a runed translucent door.
 43284 | Depths:2 | Reached skill level 20 in Armour
 43308 | Depths:2 | Reached XP level 21. HP: 46/181 MP: 28/32
 43324 | Depths:2 | Reached skill level 15 in Axes
 43343 | Depths:2 | Found a one-way gate leading to the halls of Pandemonium.
 43518 | Depths:2 | Found a one-way gateway to a ziggurat.
 43865 | Depths:2 | Reached skill level 15 in Dodging
 43884 | Depths:2 | Noticed a golden dragon
 43888 | Depths:2 | Banished a golden dragon
 43968 | Depths:2 | Identified the +1 pair of boots of Prudence {rF+}
 44279 | Depths:3 | Noticed a juggernaut
 44297 | Depths:3 | Killed a juggernaut
 45447 | Depths:3 | Noticed an ancient lich
 45500 | Abyss:3  | Found a corrupted altar of Lugonu.
 45500 | Abyss:3  | Cast into level 3 of the Abyss (a wizard)
 45501 | Abyss:3  | Noticed a juggernaut
 45511 | Depths:3 | Escaped the Abyss
 45609 | Depths:3 | Killed an ancient lich
 45610 | Depths:3 | Reached skill level 21 in Armour
 45698 | Depths:3 | Identified the +4 chain mail "Gehuikoy" {Will+ Str+2
                  | Stlth-}
 45704 | Depths:3 | Identified the +8 chain mail "Leunwudd" {rF+ Int+6 Dex-3}
 45816 | Depths:4 | Entered Level 4 of the Depths
 46047 | Depths:4 | Found a gate to the Realm of Zot.
 46136 | Depths:4 | Reached XP level 22. HP: 173/204 MP: 34/34
 46334 | Depths:4 | Found a portal to a secret trove of treasure.
 46377 | Depths:4 | You paid a toll of 4 scrolls of fear to enter a treasure
                  | trove
 46378 | Trove    | Entered a treasure trove
 46383 | Trove    | Identified a scroll of acquirement
 46388 | Trove    | Identified the amulet of Yhedd {Acrobat rPois rC+ Int-4
                  | SInv}
 46400 | Trove    | Identified the amulet "Ejiocok" {Spirit -Tele rCorr Int+3}
 46424 | Depths:4 | Acquired the +0 hat of the Unseen Realm {rCorr Str+3
                  | Stlth+}
 48393 | Elf:3    | Entered Level 3 of the Elven Halls
 48405 | Elf:3    | Paralysed by an air elemental for 1 turns
 49795 | Elf:3    | Reached skill level 22 in Armour
 49879 | Elf:3    | Identified the +0 chain mail of Circular Logic {-Tele rPois
                  | rCorr SInv}
 50066 | Elf:3    | Identified the +3 rapier of Conformity {speed, rF+}
 50081 | Elf:3    | Identified the +6 quarterstaff of Qyta {freeze, *Slow rPois
                  | rC+ SInv}
 50083 | Elf:3    | Identified the +7 lajatang "Fegee" {speed, rF+}
 50083 | Elf:3    | Identified the amulet of Varraiss {Spirit rC- Int+5}
 50115 | Elf:3    | Identified the +5 short sword of Objectivity {antimagic,
                  | *Rage rElec Dex+2}
 50538 | Elf:3    | Identified the staff of cold "Wuapt" {rC+ rCorr Str+7 Int-5
                  | Dex+3}
 50568 | Elf:3    | Identified the staff of poison "Yryufock" {rPois rN+ Dex+3}
 50914 | Depths:2 | Voluntarily entered the Abyss.
 50957 | Abyss:3  | Found a corrupted altar of Lugonu.
 51032 | Abyss:3  | Gained mutation: You are weak. (Str -2) [a neqoxec]
 51135 | Abyss:4  | Found a corrupted altar of Lugonu.
 51233 | Abyss:4  | Got an abyssal rune of Zot
 51234 | Depths:2 | Escaped the Abyss
 51697 | Vaults:5 | Entered Level 5 of the Vaults
 51705 | Vaults:5 | Reached XP level 23. HP: 210/213 MP: 35/35
 51790 | Vaults:5 | Got the Precepts of Transportation
 51791 | Vaults:5 | Identified the staff of conjuration "Kutu" {Int+4 Dex+3}
 52060 | Vaults:5 | Identified the +7 chain mail of Weirdness {rElec Regen+}
 52160 | Vaults:5 | Found the amulet of the Air {Inacc Air Fly rElec RMsl}
 52206 | Vaults:5 | Identified the +8 quarterstaff of Cilajaq {flame, Contam
                  | rPois Will+ Str+7}
 52215 | Vaults:5 | Noticed an ancient lich
 52218 | Vaults:5 | Corrupted Vaults:5
 52257 | Vaults:5 | Killed an ancient lich
 52317 | Vaults:5 | HP: 1/215 [tengu reaver/+0 bardiche (11)]
 52956 | Vaults:5 | Reached skill level 23 in Armour
 53205 | Vaults:5 | Identified the +5 scale mail of Noxious the Leaf {Int+4}
 53526 | Vaults:5 | Got a silver rune of Zot
 53547 | Vaults:5 | Identified the +2 pair of boots "Zynn" {Rampage Str+7
                  | Dex+3}
 53601 | Vaults:5 | Identified the ring "Cemyer" {Str+4 SInv}
 54136 | Orc:2    | Bought a potion of flight for 108 gold pieces
 54136 | Orc:2    | Bought a potion of heal wounds for 180 gold pieces
 54319 | Vaults:1 | Bought a potion of mutation for 112 gold pieces
 54319 | Vaults:1 | Bought a potion of curing for 42 gold pieces
 54319 | Vaults:1 | Bought a potion of mutation for 112 gold pieces
 54744 | Vaults:5 | Identified the +4 sling "Cehirch" {freeze, Str+2}
 55174 | Zot:1    | Entered Level 1 of the Realm of Zot
 55894 | Zot:1    | Reached XP level 24. HP: 224/224 MP: 36/36
 56805 | Zot:3    | Noticed a Killer Klown
 56834 | Zot:3    | a Killer Klown changed into a juggernaut
 56834 | Zot:3    | Noticed a juggernaut
 56858 | Zot:3    | Killed a juggernaut
 57110 | Zot:3    | Found the +4 dragonskin cloak
 57110 | Zot:3    | Noticed Tiamat
 57488 | Zot:3    | Killed Tiamat
 57746 | Zot:5    | Entered Level 5 of the Realm of Zot
 57746 | Zot:5    | Noticed a Killer Klown
 57783 | Zot:5    | Killed a Killer Klown
 58046 | Zot:4    | Reached skill level 24 in Armour
 58597 | Zot:5    | Identified the +1 plate armour "Fiax" {rCorr Int+3 Dex-4}
 59495 | Zot:2    | Identified the ring "Qapateux" {rElec rPois Dex+6}
 59748 | Zot:5    | Noticed an ancient lich
 59773 | Zot:5    | Killed an ancient lich
 59969 | Zot:5    | Noticed a dread lich
 59970 | Zot:5    | Paralysed by a dread lich for 3 turns
 59973 | Zot:5    | Noticed a dread lich
 59977 | Zot:5    | Noticed a Killer Klown
 59980 | Zot:5    | Noticed an orb of fire
 59983 | Zot:5    | Noticed an orb of fire
 59985 | Zot:5    | Noticed a Killer Klown
 59985 | Zot:5    | Noticed an orb of fire
 59986 | Zot:5    | Noticed a dread lich
 59995 | Zot:5    | Noticed a Killer Klown
 59995 | Zot:5    | Gained mutation: Armour fits poorly on your strangely
                  | shaped body. [mutagenic glow]
 60020 | Zot:4    | Gained mutation: Your body sometimes deteriorates upon
                  | taking damage. [mutagenic glow]
 60048 | Zot:4    | Gained mutation: You occasionally lose the ability to drink
                  | potions when taking damage. [mutagenic glow]
 60290 | Zot:4    | Killed a dread lich
 60405 | Zot:4    | Reached XP level 25. HP: 204/234 MP: 25/36
 60462 | Zot:4    | Identified the +2 falchion of Calculation {elec, *Slow rF++
                  | rN+ Dex+3}
 61316 | Zot:2    | Reached skill level 25 in Armour
 61932 | Crypt:1  | Entered Level 1 of the Crypt
 62182 | Crypt:1  | Noticed Boris
 62237 | Crypt:1  | Killed Boris
 62599 | Crypt:1  | Identified the ring "Luthrokyu" {Ice Will++ Str-2}
 62599 | Crypt:1  | Noticed Josephina
 62613 | Crypt:1  | Killed Josephina
 63436 | Crypt:1  | Found an ancient bone altar of Kikubaaqudgha.
 63464 | Crypt:1  | Got the Reference Book on Fulmination
 63831 | Depths:4 | Lost mutation: You are weak. (Str -2) [potion of mutation]
 63831 | Depths:4 | Lost mutation: Armour fits poorly on your strangely shaped
                  | body. [potion of mutation]
 63831 | Depths:4 | Lost mutation: You occasionally lose the ability to drink
                  | potions when taking damage. [potion of mutation]
 63831 | Depths:4 | Gained mutation: Your mind is acute. (Int +4, Str/Dex -1)
                  | [potion of mutation]
 63831 | Depths:4 | Gained mutation: You are partially covered in iridescent
                  | scales. (AC +2) [potion of mutation]
 63832 | Depths:4 | Lost mutation: Your body sometimes deteriorates upon taking
                  | damage. [potion of mutation]
 63832 | Depths:4 | Lost mutation: Your mind is acute. (Int +4, Str/Dex -1)
                  | [potion of mutation]
 63832 | Depths:4 | Gained mutation: Potions are less effective at restoring
                  | your health. [potion of mutation]
 63832 | Depths:4 | Gained mutation: Your body sometimes deteriorates upon
                  | taking damage. [potion of mutation]
 63832 | Depths:4 | Gained mutation: You are mostly covered in iridescent
                  | scales. (AC +4) [potion of mutation]
 63833 | Depths:4 | Lost mutation: Your body sometimes deteriorates upon taking
                  | damage. [potion of mutation]
 63833 | Depths:4 | Lost mutation: You are mostly covered in iridescent scales.
                  | (AC +4) [potion of mutation]
 63833 | Depths:4 | Gained mutation: You occasionally lose the ability to drink
                  | potions when taking damage. [potion of mutation]
 63833 | Depths:4 | Gained mutation: You are partially covered in large bone
                  | plates. (SH +4) [potion of mutation]
 63921 | Zig:1    | Entered Level 1 of a ziggurat
 63924 | Zig:1    | Gained mutation: You are vulnerable to heat. (rF-) [a
                  | neqoxec]
 63933 | Zig:1    | Lost mutation: Potions are less effective at restoring your
                  | health. [potion of mutation]
 63933 | Zig:1    | Lost mutation: You are vulnerable to heat. (rF-) [potion of
                  | mutation]
 63933 | Zig:1    | Gained mutation: You have an increased reservoir of magic.
                  | (+10% MP) [potion of mutation]
 63956 | Zig:2    | Entered Level 2 of a ziggurat
 64053 | Zig:3    | Entered Level 3 of a ziggurat
 64114 | Zig:4    | Entered Level 4 of a ziggurat
 64160 | Zig:4    | Identified the +3 dagger of the Asp {freeze, rF- Int+5}
 64169 | Zig:4    | Identified the +2 helmet of Suomiz {Rampage +Blink rF-
                  | Dex+3}
 64171 | Zig:5    | Entered Level 5 of a ziggurat
 64210 | Zig:5    | Reached skill level 26 in Armour
 64331 | Zig:5    | Reached XP level 26. HP: 242/242 MP: 40/40
 64629 | Slime:1  | Entered Level 1 of the Pits of Slime
 64697 | Slime:2  | Gained mutation: Your body sometimes deteriorates upon
                  | taking damage. [a shining eye]
 64718 | Slime:2  | Gained mutation: You are dopey. (Int -2) [a shining eye]
 64733 | Slime:2  | Lost mutation: You have an increased reservoir of magic.
                  | (+10% MP) [potion of mutation]
 64733 | Slime:2  | Lost mutation: You occasionally lose the ability to drink
                  | potions when taking damage. [potion of mutation]
 64733 | Slime:2  | Gained mutation: You have a somewhat thin skeletal
                  | structure. (Dex +2, Stealth+) [potion of mutation]
 64733 | Slime:2  | Gained mutation: You are mostly covered in iridescent
                  | scales. (AC +4) [potion of mutation]
 64734 | Slime:2  | Lost mutation: You are dopey. (Int -2) [potion of mutation]
 64734 | Slime:2  | Lost mutation: You are mostly covered in iridescent scales.
                  | (AC +4) [potion of mutation]
 64734 | Slime:2  | Lost mutation: Your body sometimes deteriorates upon taking
                  | damage. [potion of mutation]
 64734 | Slime:2  | Gained mutation: You are robust. (+10% HP) [potion of
                  | mutation]
 64734 | Slime:2  | Lost mutation: You have a somewhat thin skeletal structure.
                  | (Dex +2, Stealth+) [potion of mutation]
 64734 | Slime:2  | Gained mutation: You are very robust. (+20% HP) [potion of
                  | mutation]
 65032 | Slime:1  | You fall into a shaft and drop 1 floor!
 65676 | Slime:5  | Entered Level 5 of the Pits of Slime
 65720 | Slime:5  | Gained mutation: You sometimes lose your temper in combat.
                  | [a shining eye]
 65796 | Slime:5  | Lost mutation: You are very robust. (+20% HP) [a shining
                  | eye]
 65813 | Slime:5  | Noticed the Royal Jelly
 66124 | Slime:5  | Gained mutation: You occasionally lose the ability to drink
                  | potions when taking damage. [a shining eye]
 66181 | Slime:5  | Killed the Royal Jelly
 66616 | Slime:5  | Identified the +0 cloak "Tughenud" {rC+}
 66633 | Slime:5  | Identified the staff of earth "Kemi" {Int+2}
 66635 | Slime:5  | Got a slimy rune of Zot
 66808 | Slime:5  | Acquired 1123 gold pieces
 67926 | Crypt:2  | Reached XP level 27. HP: 271/275 MP: 36/36
 68337 | Crypt:2  | Reached skill level 27 in Armour
 69116 | Crypt:3  | Entered Level 3 of the Crypt
 69518 | Crypt:3  | Found a staircase to the Tomb.
 70159 | Crypt:3  | Found a basalt altar of Yredelemnul.
 70463 | Crypt:3  | Reached skill level 1 in Evocations
 70630 | Crypt:3  | Noticed a dread lich
 70630 | Crypt:3  | Found the +10 dark maul {heavy}
 71157 | Crypt:3  | Killed a dread lich
 71285 | Crypt:3  | Identified the +5 chain mail "Qamet Duwk" {Dex+2 Slay+3}
 71847 | Zot:3    | Lost mutation: You are robust. (+10% HP) [potion of
                  | mutation]
 71847 | Zot:3    | Lost mutation: You occasionally lose the ability to drink
                  | potions when taking damage. [potion of mutation]
 71847 | Zot:3    | Lost mutation: You sometimes lose your temper in combat.
                  | [potion of mutation]
 71847 | Zot:3    | Gained mutation: You are mostly covered in iridescent
                  | scales. (AC +4) [potion of mutation]
 71847 | Zot:3    | Gained mutation: You possess an exceptional clarity of
                  | mind. [potion of mutation]
 71876 | Zot:3    | Noticed an orb of fire
 71930 | Zot:3    | Noticed a dread lich
 71931 | Zot:3    | Found a radiant altar of Vehumet.
 71938 | Zot:3    | Found a transporter.
 71941 | Zot:3    | Noticed an orb of fire
 71947 | Zot:3    | Identified the ring of Coloddo {rC+++ Will+ Str+8 Stlth-}
 73028 | Zot:4    | Reached skill level 5 in Evocations
 74554 | Zot:5    | Gained mutation: Your flesh is heat resistant. (rF+) [an
                  | orb of fire]
 74567 | Zot:5    | Gained mutation: You are clumsy. (Dex -2) [an orb of fire]
 74589 | Zot:4    | Killed an orb of fire
 74611 | Zot:4    | Killed a dread lich
 74649 | Zot:4    | Killed an orb of fire
 74669 | Zot:5    | Noticed a dread lich
 74867 | Zot:5    | Killed a dread lich
 74965 | Zot:5    | Killed a dread lich
 75517 | Zot:5    | Noticed an orb of fire
 75540 | Zot:5    | Killed an orb of fire
 75877 | Zot:5    | Got the Orb of Zot
 75926 | Zot:5    | Killed an orb of fire
 76220 | Depths:2 | Noticed Epeomowk the pandemonium lord
 76241 | Depths:2 | Killed Epeomowk the pandemonium lord
 76660 | D:$      | Escaped with the Orb!

Illustrated notes

Levels and vault maps discovered:
D:1:      nzn_arrival_depleted_hourglass, layout_rooms, minmay_misc_feat_roman,
          amcnicky_mini_corridor_feature, minmay_misc_feat_plants
D:2:      minmay_chambers_of_ones, layout_basic, minmay_misc_feat_hallway,
          kennysheep_cross_bottleneck
D:3:      layout_basic, ebering_ghost_sewer_d
D:4:      layout_cave_pools, yredelemnul_altar_generic, grunt_decor_fettered,
          uniq_crazy_yiuf_cottage
D:5:      corexii_shack_village, layout_rooms, mainiacjoe_overflow_swirl,
          nicolae_sif_muna_little_library, nicolae_vehumet_altar_sigil,
          uniq_pikel, uniq_ijyb, uniq_menkaure
D:6:      layout_loops_ring, nicolae_ru_awakened_eye, uniq_sigmund
D:7:      layout_rooms, nicolae_dithmenos_through_a_glass_darkly,
          mainiacjoe_overflow_paths, minmay_temple_entry_stoned_glass
D:8:      layout_loops_ring, mainiacjoe_overflow_concentric_impassable,
          lemuel_coloured_pillars_altar, mainiacjoe_overflow_chevrons,
          mainiacjoe_overflow_alcove_1, erik_lair_orcish_takeover
D:9:      layout_big_octagon, fedhas_altar_1, kennysheep_mini_moat,
          serial_gnoll_camp, gnoll_camp_mini_hut, gnoll_camp_mini_doghouse,
          gnoll_camp_huts_moat, gnoll_camp_mini_sergeant,
          gnoll_camp_mini_loothouse, uniq_prince_ribbit1
D:10:     layout_layer_cave, zombieorc1_lemuel, small_statue_intersection,
          glass_columns_b, uniq_psyche, uniq_maurice
D:11:     layout_roguey
D:12:     layout_basic
D:13:     layout_loops_cross, ximxim_vaults_locker_room,
          gammafunk_ghost_berserking_beasts, nicolae_shop_firing_range
D:14:     layout_irregular_city, nemelex_spade_bored_becter, uniq_frances
D:15:     gammafunk_depths_entry_grave, layout_basic, minmay_misc_feat_enclosed,
          minivault_16
Temple:   hellmonk_temple_two_chambers
Lair:1:   dragon1_lemuel, layout_regular_city
Lair:2:   beargit_carnivore_pack, layout_gridlike, uniq_harold
Lair:3:   layout_gridlike, palyth_hydra_swamp_entry, spider_nest_entry_rubble
Lair:4:   layout_regular_city, serial_bayou_shore_b, uniq_snorg
Lair:5:   hellmonk_lair_end_abyssal_woods, layout_regular_city,
          minmay_slime_entry_oklob_enclosed, st_stairs_11, minivault_24
Swamp:1:  layout_basic_swamp, nicolae_swamp_rocky_clearing, swamp_pool1,
          grunt_hermit_hut
Swamp:2:  layout_basic_swamp, nicolae_swamp_tree_designs, swamp_pool5,
          nicolae_swamp_necromancy_gone_wrong
Swamp:3:  layout_basic_swamp, evilmike_swamp_ruin_house_4
Swamp:4:  swamp_pestilence, layout_basic_swamp, swamp_pool5, uniq_donald
Spider:1: layout_spider_delve, portal_ice_cave_entry_ice_statue_two, drop_trap,
          nicolae_spider_moth_buddies
Spider:2: nicolae_spider_hilbert_zone_7 [nicolae_spider_hilbert_4_sides_1_open,
          nicolae_spider_hilbert_4_sides_1_open,
          nicolae_spider_hilbert_4_sides_1_open,
          nicolae_spider_hilbert_4_sides_1_open,
          nicolae_spider_hilbert_3_sides_1_open,
          nicolae_spider_hilbert_3_sides_1_open,
          nicolae_spider_hilbert_3_sides_1_open,
          nicolae_spider_hilbert_3_sides_1_open,
          nicolae_spider_hilbert_4_sides_1_open,
          nicolae_spider_hilbert_4_sides_1_open,
          nicolae_spider_hilbert_4_sides_1_open,
          nicolae_spider_hilbert_2_sides_1_open,
          nicolae_spider_hilbert_2_sides_1_open,
          nicolae_spider_hilbert_2_sides_1_open,
          nicolae_spider_hilbert_2_sides_1_open,
          nicolae_spider_hilbert_2_sides_1_open,
          nicolae_spider_hilbert_2_sides_1_open], spiders_nest_spider_trap,
          uniq_roxanne, uniq_asterion, uniq_louise
Spider:3: layout_spider_delve, uniq_azrael
Spider:4: spider_rune_water
Slime:1:  layout_caves
Slime:2:  layout_caves, nicolae_slime_rock_hall_of_fame
Slime:3:  layout_caves
Slime:4:  layout_caves
Slime:5
Orc:1:    layout_diamond_mine, serial_shops, shop
Orc:2:    grunt_orc_community_town_hall, layout_caves,
          grunt_orc_community_big_house_1, grunt_orc_community_big_house_2,
          grunt_orc_community_house_3, grunt_orc_community_house_2,
          grunt_orc_community_house_2, grunt_orc_community_house_3,
          grunt_orc_community_house_3
Elf:1:    minmay_elf_arrival_summoners, layout_gridlike, hangedman_elf_represent
Elf:2:    nicolae_elf_blades_splatter_lattice [nicolae_blade_entry_pointy_end],
          layout_onion_city, serial_sigils_hangedman_writhe, uniq_zenata,
          uniq_saint_roka
Elf:3:    minmay_elf_hall_curves, layout_loops_cross
Vaults:1: advil_vaults_ghost_guards, vaults_room_grid, vaults_room_fours,
          v_misc_12, ontoclasm_vaults_idyll, nicolae_vaults_little_squares_1,
          vaults_room_pools, vaults_mumra_minichess, vaults_dpeg_emergency_exit,
          layout_vaults_quadrants, serial_shops, nicolae_square_shop, shop,
          nicolae_shop_mannequins
Vaults:2: ontoclasm_vaults_twist, vaults_dpeg_hooks, vaults_mumra_hex,
          ontoclasm_vaults_chip, nicolae_vaults_theta, hangedman_vaults_unwind,
          nicolae_vaults_circle_grid_b, v_pattern_4, v_alt_pattern_3,
          ontoclasm_vaults_loading_screen, layout_vaults_maze_bifur,
          serial_shops, bzr_entry_lakeside
Vaults:3: ontoclasm_vaults_bender, nicolae_vaults_windows_and_doors_thing,
          nicolae_vaults_big_ls, minmay_crypt_entry_necro_gods,
          nicolae_vaults_border_crossing, nicolae_vaults_angled_halls,
          nicolae_vaults_little_squares_6, vaults_room_pools,
          vaults_room_semicircle, nicolae_vaults_three_branches,
          nicolae_vaults_theta, nicolae_vaults_statue_guard, v_misc_2,
          layout_vaults_omnicross
Vaults:4: nicolae_vaults_specimen_jars, nicolae_vaults_big_angled_halls,
          hangedman_vaults_trim, hangedman_vaults_corner, v_misc_33,
          hangedman_vaults_pinch, v_misc_23, vaults_room_grid,
          vaults_mumra_chevron, nicolae_vaults_diagonal_hallway_8,
          layout_vaults_big_room
Vaults:5
Crypt:1:  cheibrodos_crypt_eye_of_stone, layout_rooms,
          grunt_crypt_arrival_webbed, uniq_boris, uniq_josephina
Crypt:2:  layout_basic
Crypt:3:  church_of_pain_bobbens, layout_chaotic_city,
          tomb_entry_simple_bobbens, st_stairs_2, eino_tiny_chamber,
          minivault_11, grunt_ministairs_6
Depths:1: layout_gridlike, hangedman_geh_valley,
          lightli_enter_wizlab_magi_temple, library_closet,
          beargit_hepliaklqana_dungeon_heroes
Depths:2: minmay_the_grid_triangle_9x9_line_8_mashed
          [minmay_the_grid_triangle_9x9_subtriangle,
          minmay_the_grid_triangle_9x9_wacky_v,
          minmay_the_grid_triangle_9x9_checkered,
          minmay_the_grid_triangle_9x9_limited_checkers,
          minmay_the_grid_triangle_9x9_dagger,
          minmay_the_grid_triangle_9x9_flanged_cone,
          minmay_the_grid_triangle_9x9_pentomino_pain,
          minmay_the_grid_triangle_9x9_prize_center], layout_gridlike,
          enter_ziggurat_e, hell_entry, pan_entry, bloody_trog, abyss_entry,
          chequers_serial_rivers_large_a
Depths:3: cheibrodos_cascadia, layout_small_grid, lightli_too_deep,
          reono_crystal_passage, abyss_entry, nicolae_triple_integral
Depths:4: evilmike_zot_entry_basic, layout_cave_shapes, pan_entry,
          kennysheep_pointless_box, nicolae_trove_entry_path_of_doom,
          hellmouth_1
Zot:1:    layout_misc_corridors, hangedman_zot_wheel_spokes
Zot:2:    layout_basic
Zot:3:    gammafunk_sealed_library, layout_basic, uniq_tiamat
Zot:4:    kennysheep_ambush_hall, layout_cathedral_of_symmetry,
          grunt_megastairs_2
Zot:5:    layout_onion, st_stairs_8

Skill      XL: |  1  2  3  4  5  6  7  8  9 10 11 12 13 14 15 16 17 18 19 20 21 22 23 24 25 26 27 |
---------------+----------------------------------------------------------------------------------+-----
Maces & Flails | 3 4 5 6 8 10 11 12 13 14 15 16 17 18 20 21 22 23 | 23.8
Fighting       | 4 6 7 9 11 12 14 15 16 17 18 19 20 21 24 | 24.4
Armour         | 4 6 7 8 9 10 11 12 13 14 17 18 20 21 22 23 24 26 27 | 27.0
Dodging        | 2 5 7 9 10 11 13 14 15 16 17 18 21 | 21.1
Shields        | 4 6 7 8 9 11 13 14 16 17 18 19 20 21 | 21.6
Invocations    | 3 5 7 9 10 11 12 13 14 15 17 18 19 20 21 | 21.0
Axes           | 11 14 15 16 18 20 22 23 | 23.5
Evocations     | 5 |  5.6

Action                     |  1- 3 |  4- 6 |  7- 9 | 10-12 | 13-15 | 16-18 | 19-21 | 22-24 | 25-27 || total
---------------------------+-------+-------+-------+-------+-------+-------+-------+-------+-------++-------
  Melee: Flail             |    51 |    40 |       |       |       |       |       |       |       ||    91
         Headbutt          |     6 |    37 |    60 |   204 |   261 |   421 |   421 |   717 |   766 ||  2893
         Whip              |       |   171 |   298 |   514 |       |       |       |       |       ||   983
         Great mace        |       |       |       |   289 |  1240 |   320 |       |       |       ||  1849
         Broad axe         |       |       |       |       |       |  1243 |  1447 |  1980 |  1858 ||  6528
         Unarmed           |       |       |       |       |       |       |       |     2 |     9 ||    11
         Demon whip        |       |       |       |       |       |       |       |    34 |   277 ||   311
  Throw: Throwing net      |       |       |     1 |     8 |     4 |     1 |     4 |     1 |       ||    19
         Boomerang         |       |       |     2 |       |       |       |       |       |       ||     2
         Dart              |       |       |     1 |     7 |     2 |     3 |     1 |       |       ||    14
 Invoke: Heroism           |       |       |       |     9 |    10 |       |       |       |       ||    19
         Finesse           |       |       |       |     1 |     3 |       |       |       |       ||     4
         Banish            |       |       |       |       |     1 |     6 |     4 |     5 |     3 ||    19
         Depart the Abyss  |       |       |       |       |       |     1 |     1 |     1 |       ||     3
         Corrupt           |       |       |       |       |       |     1 |       |     1 |       ||     2
         Brand Weapon With |       |       |       |       |       |     1 |       |       |       ||     1
  Evoke: Wand              |       |       |     1 |     9 |     5 |     2 |       |     9 |     4 ||    30
         Phantom mirror    |       |       |       |       |       |     3 |     3 |     1 |     1 ||     8
         Box of beasts     |       |       |       |       |       |     3 |     1 |     2 |     1 ||     7
         Phial of floods   |       |       |       |       |       |     2 |       |     2 |       ||     4
    Use: Scroll            |       |     4 |     2 |    12 |    11 |    26 |     2 |    23 |    10 ||    90
         Potion            |       |     2 |       |     1 |    10 |     8 |     9 |    27 |    15 ||    72
   Stab: Invisible         |       |       |     1 |       |       |       |       |     9 |     1 ||    11
         Held in net/web   |       |       |       |     4 |     1 |       |     2 |       |       ||     7
         Confused          |       |       |       |       |       |       |       |     7 |       ||     7
         Distracted        |       |       |       |       |       |       |       |       |     4 ||     4
 Armour: Scale mail        |    24 |    69 |    78 |   346 |    10 |       |       |       |       ||   527
         Acid dragon scale |       |       |       |    17 |       |       |       |       |       ||    17
         Chain mail        |       |       |       |       |   811 |       |       |       |       ||   811
         Crystal plate arm |       |       |       |       |    99 |  1122 |   577 |   510 |   662 ||  2970
         Skin              |       |       |       |       |       |       |       |     3 |     2 ||     5
  Dodge: Dodged            |    21 |    57 |    93 |   401 |   867 |   467 |   368 |   722 |   546 ||  3542
  Block: Buckler           |     9 |    20 |    42 |   109 |       |       |       |       |       ||   180
         Tower shield      |       |       |       |       |       |  1409 |  1314 |  1695 |  2075 ||  6493
         Reflection        |       |       |       |       |       |       |     7 |    81 |    40 ||   128

Table legend: (Time is in decaauts)
 A = Elapsed time spent in this place.
 B = Non-inter-level travel time spent in this place.
 C = Inter-level travel time spent in this place.
 D = Time resting spent in this place.
 E = Time spent auto-exploring this place.
 F = Levels seen in this place.
 G = Mean time per level.
                   A        B        C        D        E       F      G
               +--------+--------+--------+--------+--------+-----+--------+
         Total |  74939 |  64537 |  10402 |  10607 |  31641 |  69 | 1086.1 |
       Dungeon |  17381 |  13469 |   3912 |   1101 |   9019 |  15 | 1158.7 |
        Temple |     35 |     27 |      8 |      0 |     11 |   1 |   35.0 |
          Lair |   6493 |   5266 |   1227 |    324 |   3659 |   5 | 1298.6 |
         Swamp |   4119 |   3611 |    508 |    472 |   1453 |   4 | 1029.8 |
   Spider Nest |   4750 |   4562 |    188 |    582 |   2722 |   4 | 1187.5 |
    Slime Pits |   2198 |   2028 |    170 |    336 |    503 |   5 |  439.6 |
  Orcish Mines |   2614 |   1956 |    658 |    321 |   1044 |   2 | 1307.0 |
   Elven Halls |   4906 |   4570 |    336 |   1065 |   1233 |   3 | 1635.3 |
        Vaults |   8485 |   6937 |   1548 |   1065 |   3402 |   5 | 1697.0 |
         Crypt |   4998 |   4745 |    253 |   1211 |   1988 |   3 | 1666.0 |
        Depths |   7134 |   5870 |   1264 |   1053 |   2899 |   4 | 1783.5 |
           Zot |  10108 |   9783 |    325 |   2957 |   3251 |   5 | 2021.6 |
         Abyss |    336 |    336 |      0 |     11 |      8 |   4 |   84.0 |
      Ziggurat |    398 |    398 |      0 |     84 |    147 |   5 |   79.6 |
        Bazaar |     51 |     51 |      0 |      0 |     18 |   1 |   51.0 |
         Trove |     41 |     41 |      0 |      0 |     14 |   1 |   41.0 |
      Ice Cave |    444 |    444 |      0 |     23 |     92 |   1 |  444.0 |
        Wizlab |    438 |    438 |      0 |      0 |    176 |   1 |  438.0 |
               +--------+--------+--------+--------+--------+-----+--------+

Top non-repeatable levels by time:
   Zot:4: 4019 daAuts
Vaults:1: 2326 daAuts
Vaults:5: 2280 daAuts
   Zot:5: 2234 daAuts
Depths:2: 2226 daAuts
Vaults:3: 2067 daAuts
Depths:3: 2066 daAuts
 Crypt:3: 2044 daAuts
    D:13: 1999 daAuts
    D:10: 1978 daAuts
   Elf:2: 1965 daAuts
    D:14: 1905 daAuts
   Elf:3: 1885 daAuts
  Lair:3: 1569 daAuts
 Crypt:1: 1559 daAuts
